 Dungeon Crawl Stone Soup version 0.30.1-11-g7821555f0a (webtiles) character file.

Game seed: 13606185864648387534

82 Peloso the Covered (level 4, -1/41 HPs)
             Began as a Minotaur Fighter on Dec 12, 2023.
             Engulfed by a cloud of poison gas (8 damage)
             ... on level 3 of the Dungeon.
             The game lasted 00:02:31 (1707 turns).

Peloso the Covered (Minotaur Fighter)               Turns: 1707, Time: 00:02:31

Health: -1/41      AC:  8    Str: 20    XL:     4   Next: 21%
Magic:  3/3        EV:  9    Int:  5    God:
Gold:   103        SH:  0    Dex: 12    Spells: 3/3 levels left

rFire   . . .        a - +0 long sword
rCold   . . .        d - +0 buckler
rNeg    . . .        b - +0 scale mail
rPois   .            (helmet restricted)
rElec   .            c - +0 cloak
rCorr   .            (no gloves)
SInv    .            (no boots)
Will    .....        (no amulet) Stlth
                     (no ring)
HPRegen 0.26/turn    (no ring)
MPRegen 0.08/turn

%: no passive effects
@: confused, lethally poisoned (-1 -> -13)
A: horns 2, retaliatory headbutt
a: no special abilities


You were on level 3 of the Dungeon.
You visited 1 branch of the dungeon, and saw 3 of its levels.

You collected 103 gold pieces.

Inventory:

Hand Weapons
 a - a +0 long sword (weapon)
Armour
 b - a +0 scale mail (worn)
 c - a +0 cloak (worn)
 d - a +0 buckler (worn)
Scrolls
 f - a scroll of silence
 h - 3 scrolls of teleportation
Potions
 g - a potion of resistance
 i - 2 potions of might
 j - a potion of heal wounds


   Skills:
 + Level 4.3 Fighting
 + Level 3.2 Long Blades
 + Level 4.6 Armour
 + Level 4.3 Shields


You had 3 spell levels left.
You didn't know any spells.
Your spell library contained the following spells:

 Spells                   Type           Power      Damage    Failure   Level
 Cigotuvi's Dreadful Rot  Necr/Pois/Air  0%         N/A       95%         2
 Dazzling Flash           Conj/Hex       0%         N/A       99%         3
 Ignite Poison            Fire/Tmut/Pois 0%         N/A       99%         3
 Summon Guardian Golem    Hex/Summ       0%         N/A       99%         3
 Agony                    Necr           0%         N/A       100%        5
 Freezing Cloud           Conj/Ice/Air   0%         6-21      100%        5
 Silence                  Hex/Air        0%         N/A       100%        5
 Orb of Destruction       Conj           0%         9d5       100%        7
 Spellforged Servitor     Conj/Summ      0%         N/A       100%        7


Dungeon Overview and Level Annotations

Branches:
Dungeon (3/15)

Altars:
Dithmenos

Annotations:
D:3 Sigmund


Innate Abilities, Weirdness & Mutations

You have a pair of horns on your head.
You reflexively headbutt those who attack you in melee.


Message History

You hit the endoplasm. You headbutt the endoplasm.
You kill the endoplasm!
The hobgoblin hits you but does no damage.
Unknown command.
You closely miss the hobgoblin. Your headbutt misses the hobgoblin.
The hobgoblin closely misses you.
Unknown command.
Unknown command.
You barely miss the hobgoblin. Your headbutt misses the hobgoblin.
The hobgoblin closely misses you.
Unknown command.
You hit the hobgoblin but do no damage. The hobgoblin hits you.
Unknown command.
You slash the hobgoblin!
You kill the hobgoblin!
Unknown command.
You hit the worm but do no damage. Something hits you.
Unknown command.
You hit the worm.
The worm is lightly wounded.
You block the worm's attack.
You hit the worm but do no damage. You headbutt the worm.
The worm is lightly wounded.
Something hits you. The worm bites you.
* * * LOW HITPOINT WARNING * * *
You slash the worm! You headbutt the worm.
The worm is almost dead.
Something hits you.
* * * LOW HITPOINT WARNING * * *
The worm closely misses you.
You barely miss the worm.
The worm is severely wounded.
You block something's attack. The worm barely misses you.
You hear some strange, mumbled words.
You are confused.
Unknown command.
You are engulfed in poison gas.
You are lethally poisoned!
You die...

#..........
+>.........
#..........
#..........
###..........
##○#.#°#......
#.w{...○......
##.#.#.#.....
#.@.....# ###
##○#.#.##
#.○)○...#
##○#.#°##
#.....°○#
##.#.#.#..
.......###
#.#.#.##
........


You could see a worm.

Vanquished Creatures
  Robin (D:2)
  3 adders (D:2)
  3 ball pythons
  5 bats
  4 endoplasms
  3 giant cockroaches (D:1)
  8 goblins
  A hobgoblin (D:3)
  2 jackals (D:1)
  A quokka (D:3)
  3 frilled lizards (D:1)
  4 kobolds
  A rat (D:2)
39 creatures vanquished.

Vanquished Creatures (others)
  A goblin (D:2)
1 creature vanquished.

Grand Total: 40 creatures vanquished

Notes
Turn   | Place    | Note
-------+----------+-------------------------------------------
     0 | D:1      | Peloso the Minotaur Fighter began the quest for the Orb.
     0 | D:1      | Reached XP level 1. HP: 19/19 MP: 0/0
   292 | D:1      | Reached XP level 2. HP: 27/27 MP: 1/1
   935 | D:2      | Reached XP level 3. HP: 32/33 MP: 2/2
   952 | D:2      | Found a shadowy altar of Dithmenos.
  1120 | D:2      | Noticed Robin
  1139 | D:2      | Killed Robin
  1140 | D:2      | Reached XP level 4. HP: 22/41 MP: 3/3
  1682 | D:3      | Noticed Sigmund
  1707 | D:3      | Engulfed by a cloud of poison gas

Illustrated notes

Levels and vault maps discovered:
D:1:      roderic_octagonal_star, layout_loops_ring, minmay_tree_intersection,
          chequers_avenue, hangedman_decor_push
D:2:      layout_loops_ring, basic_altar, uniq_robin
D:3:      layout_basic, gammafunk_ghost_gnarly_gnolls, st_stairs_12,
          kennysheep_jessica_study, uniq_sigmund

Skill      XL: |  1  2  3 |
---------------+----------+-----
Armour         | 4 |  4.6
Fighting       | 4 |  4.3
Shields        | 4 |  4.3
Long Blades    | 3 |  3.2

Action                     |  1- 3 |  4- 6 || total
---------------------------+-------+-------++-------
  Melee: Long sword        |    74 |    24 ||    98
         Headbutt          |    10 |     3 ||    13
    Use: Scroll            |     3 |     3 ||     6
         Potion            |     2 |       ||     2
 Armour: Scale mail        |    35 |    21 ||    56
  Dodge: Dodged            |    37 |    13 ||    50
  Block: Buckler           |    15 |    11 ||    26
